AoeStats
← claudio_miranda_94

Arabia

510179541Analyzed
3v3 RM · 2d ago on Sep 29, 2026· 46m 57s· 6 players
Game mode
Random Map
Map size
Normal (6 player)
Population
200
Speed
Normal
Resources
Standard
Victory
Conquest
Starting age
Dark Age
Ending age
Imperial Age
RankedLock teamsTeams togetherTeam positionsShared explorationLock speedFull tech treeHidden civsTurbo modeCheats
Victory
Defeat
🇫🇷 Mongols · France
866
+14
🇫🇷 Bulgarians · France
858
+14
🇧🇪 Teutons · Belgium
771
+18
🇹🇷 Goths · Türkiye
828
-16
🇦🇷 Franks · Argentina
817
-15
808
-15
claudio_miranda_94
8:07 Loom
11:00 Feudal Age
11:51 Double-Bit Axe
11:49 Horse Collar
22:34 Castle Age
22:43 Gold Mining
22:43 Stone Mining
23:03 Pikeman
24:44 Stone Shaft Mining
24:11 Heavy Plow
24:22 Bow Saw
24:52 Scale Mail Armor
24:43 Fletching
25:04 Forging
25:30 Padded Archer Armor
26:05 Elite Skirmisher
26:51 Thumb Ring
28:19 Squires
34:11 Imperial Age
31:55 Murder Holes
32:51 Town Watch
33:42 Wheelbarrow
34:08 Chain Mail Armor
34:29 Iron Casting
34:11 Leather Archer Armor
33:51 Bodkin Arrow
36:07 Town Patrol
37:21 Crop Rotation
37:56 Two-Man Saw
37:38 Hand Cart
38:42 Conscription
37:49 Halberdier
39:34 Hill Forts
41:28 Ring Archer Armor
40:58 Bracer
43:44 Tower Shields
44:20 Hoardings
44:26 Capped Ram
Gsamp
11:52 Feudal Age
12:12 Man-at-Arms
16:14 Wheelbarrow
17:27 Double-Bit Axe
24:35 Castle Age
24:56 Pikeman
25:38 Squires
25:26 Gambesons
26:41 Hand Cart
29:28 Bow Saw
30:15 Husbandry
31:39 Scale Barding Armor
31:45 Forging
31:38 Scale Mail Armor
35:58 Ordonnance Companies
37:53 Chain Barding Armor
38:09 Iron Casting
37:50 Chain Mail Armor
41:53 Imperial Age
41:07 Ballistics
40:43 Murder Holes
43:30 Gold Mining
43:30 Stone Mining
44:06 Conscription
43:57 Cavalier
46:13 Plate Barding Armor
47:29 Chemistry
46:15 Treadmill Crane
NOK
10:48 Feudal Age
13:31 Loom
16:59 Castle Age
15:34 Double-Bit Axe
16:20 Horse Collar
23:22 Scale Barding Armor
31:48 Bow Saw
32:24 Wheelbarrow
32:12 Heavy Plow
34:19 Scale Mail Armor
44:06 Imperial Age
42:08 Chain Mail Armor
44:11 Cavalier
45:26 Chain Barding Armor
Content
9:11 Feudal Age
7:28 Loom
14:40 Bloodlines
22:55 Castle Age
21:04 Double-Bit Axe
21:13 Horse Collar
21:34 Fletching
23:32 Gold Mining
24:49 Bodkin Arrow
30:22 Heavy Plow
30:34 Bow Saw
30:34 Padded Archer Armor
33:38 Imperial Age
32:35 Wheelbarrow
33:48 Ballistics
38:14 Chemistry
37:36 Husbandry
38:22 Hand Cart
37:53 Town Watch
38:06 Stone Mining
39:23 Heavy Cavalry Archer
40:29 Parthian Tactics
40:11 Thumb Ring
41:44 Bracer
42:00 Leather Archer Armor
42:29 Murder Holes
42:39 Siege Engineers
44:02 Town Patrol
43:34 Elite Mangudai
46:28 Conscription
46:28 Drill
45:40 Elite Steppe Lancer
luidgi.demaynard
10:39 Feudal Age
9:47 Loom
19:11 Castle Age
18:18 Double-Bit Axe
18:26 Horse Collar
19:21 Scale Barding Armor
19:27 Forging
22:15 Bow Saw
22:32 Heavy Plow
23:39 Gold Mining
23:39 Stone Mining
27:10 Chain Barding Armor
27:52 Iron Casting
28:11 Gold Shaft Mining
28:29 Stone Shaft Mining
32:40 Wheelbarrow
31:55 Town Watch
33:13 Scale Mail Armor
33:13 Padded Archer Armor
35:53 Imperial Age
34:06 Hand Cart
35:13 Murder Holes
35:29 Town Patrol
36:34 Chain Mail Armor
36:34 Leather Archer Armor
37:37 Plate Barding Armor
37:32 Plate Mail Armor
38:03 Blast Furnace
39:11 Crop Rotation
40:10 Stirrups
41:56 Bagains
41:19 Elite Konnik
44:52 Ballistics
45:01 Ballistics
44:50 Siege Engineers
FEW
12:13 Feudal Age
12:47 Double-Bit Axe
12:46 Horse Collar
18:15 Castle Age
16:43 Loom
17:04 Scale Mail Armor
17:54 Fletching
18:50 Forging
24:37 Wheelbarrow
24:41 Pikeman
25:22 Squires
24:44 Elite Skirmisher
25:34 Padded Archer Armor
26:40 Heavy Plow
28:13 Bodkin Arrow
28:35 Leather Archer Armor
36:07 Imperial Age
34:51 Chain Mail Armor
35:25 Iron Casting
35:17 Masonry
37:07 Ironclad
37:17 Conscription
37:33 Hoardings
38:11 Crenellations
38:57 Crop Rotation
38:53 Ballistics
39:13 Ironclad
40:41 Elite Teutonic Knight
43:23 Chemistry
42:09 Arrowslits
43:39 Ironclad
44:52 Hand Cart
44:43 Onager
Connection lost

Rejoining the realm…

Still unreachable

The connection could not be restored.

Session expired

The server has moved on; the page needs a fresh start.